 Dungeon Crawl Stone Soup version 0.22-a0-247-gbddf880 (webtiles) character file.

2016 George the Carver (level 9, -20/74 HPs)
             Began as a Minotaur Fighter on Feb 27, 2018.
             Was a Follower of the Shining One.
             Demolished by a red ugly thing (22 damage)
             ... on level 6 of the Dungeon.
             The game lasted 00:10:16 (4581 turns).

George the Carver (Minotaur Fighter)                Turns: 4581, Time: 00:10:17

Health: -20/74     AC: 13    Str: 23    XL:     9   Next: 3%
Magic:  10/10      EV:  6    Int:  5    God:    the Shining One [*.....]
Gold:   313        SH: 10    Dex: 11    Spells: 8/8 levels left

rFire    . . .     SeeInvis +   a - +0 long sword
rCold    . . .     Gourm    .   c - +0 shield
rNeg     . . .     Faith    .   j - +0 chain mail
rPois    .         Spirit   .   (helmet restricted)
rElec    .         Reflect  .   v - +2 cloak
rCorr    .         Harm     .   (no gloves)
MR       .....                  (no boots)
Stlth    ..........             l - amulet of magic regeneration
HPRegen  0.22/turn              x - ring of see invisible
MPRegen  0.37/turn              y - ring of flight

@: glowing
A: retaliatory headbutt, horns 2
a: Renounce Religion, Evoke Flight


You were on level 6 of the Dungeon.
You worshipped the Shining One.
The Shining One was aware of your devotion.
You were not hungry.

You visited 2 branches of the dungeon, and saw 8 of its levels.

You collected 313 gold pieces.

Inventory:

Hand Weapons
 a - a +0 long sword (weapon)
 p - a +0 rapier
Missiles
 s - 4 javelins (quivered)
Armour
 c - a +0 shield (worn)
 j - a +0 chain mail (worn)
 v - a +2 cloak (worn)
Jewellery
 l - an amulet of magic regeneration (around neck)
 x - a ring of see invisible (left hand)
 y - a ring of flight (right hand)
Wands
 b - a wand of digging (14)
 t - a wand of paralysis (9)
Scrolls
 e - a scroll of fog {unknown}
 h - a scroll of remove curse
 k - 3 scrolls of magic mapping {unknown}
 m - 4 scrolls of noise {unknown}
 o - 2 scrolls of immolation {unknown}
 w - 2 scrolls of blinking {unknown}
Potions
 d - 2 potions of might
 g - a potion of mutation
 q - 2 potions of haste {unknown}
 r - a potion of agility {unknown}
 u - 2 potions of curing
 z - a potion of heal wounds {unknown}
 A - a potion of flight {unknown}
 B - a potion of ambrosia {unknown}
Comestibles
 f - 13 rations


   Skills:
 + Level 5.4 Fighting
 + Level 11.5 Long Blades
 + Level 5.4 Armour
 + Level 5.4 Shields
 + Level 3.1 Invocations


You had 8 spell levels left.
You didn't know any spells.

Dungeon Overview and Level Annotations

Branches:
Dungeon (7/15)             Temple (1/1) D:5

Altars:
Ashenzari
Cheibriados
Fedhas
Gozag
Hepliaklqana
Kikubaaqudgha
Makhleb
Ru
Sif Muna
Uskayaw
Xom
Yredelemnul
The Shining One


Innate Abilities, Weirdness & Mutations

You reflexively headbutt those who attack you in melee.
You have a pair of horns on your head.


Message History

The red ugly thing is moderately wounded.
The red ugly thing headbutts you but does no damage.
You hit the red ugly thing.
Your headbutt misses the red ugly thing.
The red ugly thing is heavily wounded.
The red ugly thing headbutts you but does no damage.
You hit the red ugly thing.
The red ugly thing is heavily wounded.
The red ugly thing headbutts you!
You are engulfed in flames!
Okay, then.
You slash the red ugly thing!
The red ugly thing is heavily wounded.
The red ugly thing headbutts you!
* * * LOW HITPOINT WARNING * * *
You are engulfed in flames!
* * * LOW HITPOINT WARNING * * *
The red ugly thing headbutts you.
* * * LOW HITPOINT WARNING * * *
You are engulfed in flames!!
You die...

.......##..........##............
..........###.........).#........
.........###........[)#..>.......
.........###.#####...............
.........##.(# #..####.#........
........##..## #..# #.#........
...........######..####.#........
.##.#...####.....................
.##...#..# #....@u......[...#####
......##.###.................#
##....##........#............####
##.#....###.....#.......>........
#..#....# ##....#.#...........(..
..##....####....>.#..........####
####............####........##
##...######### ##........## #...#
#..........#


You could see a red ugly thing.

Vanquished Creatures
  Pikel (D:5)
  Eustachio (D:5)
  Edmund (D:6)
  2 phantoms
  A necrophage (D:5)
  A scorpion (D:4)
  A bullfrog zombie (D:5)
  A crimson imp (D:5)
  A centaur zombie (D:6)
  5 hounds
  4 orc wizards
  5 orc priests
  3 bullfrog skeletons (D:5)
  A centaur skeleton (D:5)
  4 jellies
  A worker ant (D:4)
  A killer bee zombie (D:6)
  A worker ant zombie (D:7)
  6 adders
  A shadow imp (D:6)
  An ooze (D:2)
  An adder zombie (D:6)
  An adder skeleton (D:5)
  3 worms
  3 dart slugs
  2 leopard geckos
  12 orcs
  3 bats
  2 giant cockroaches
  5 hobgoblins
  11 jackals
  2 quokkas
  6 frilled lizards
  3 goblins
  3 kobolds
  4 rats
104 creatures vanquished.

Vanquished Creatures (others)
  An ogre (D:6)
  A bullfrog zombie (D:6)
  2 orcs (D:6)
4 creatures vanquished.

Grand Total: 108 creatures vanquished

Notes
Turn   | Place    | Note
-------+----------+-------------------------------------------
     0 | D:1      | George the Minotaur Fighter began the quest for the Orb.
     0 | D:1      | Reached XP level 1. HP: 19/19 MP: 0/0
    65 | D:1      | Reached skill level 3 in Long Blades
   106 | D:1      | Reached XP level 2. HP: 26/26 MP: 1/1
   643 | D:1      | Reached skill level 4 in Long Blades
   939 | D:2      | Reached XP level 3. HP: 31/31 MP: 2/2
  1027 | D:2      | Found a hazy altar of Hepliaklqana.
  1027 | D:2      | Found an ancient bone altar of Kikubaaqudgha.
  1245 | D:2      | Reached skill level 5 in Long Blades
  1477 | D:3      | Reached XP level 4. HP: 35/39 MP: 3/3
  1702 | D:3      | Found a faded altar of an unknown god.
  1883 | D:3      | Found a hide-covered altar of Uskayaw.
  1898 | D:3      | Reached skill level 6 in Long Blades
  2048 | D:4      | Noticed a phantom
  2056 | D:4      | Reached XP level 5. HP: 40/45 MP: 4/4
  2064 | D:4      | Killed a phantom
  2064 | D:4      | Reached skill level 7 in Long Blades
  2085 | D:4      | Reached XP level 6. HP: 35/51 MP: 5/5
  2147 | D:4      | Reached skill level 8 in Long Blades
  2510 | D:5      | Entered Level 5 of the Dungeon
  2606 | D:5      | Reached skill level 9 in Long Blades
  2607 | D:5      | Found a sacrificial altar of Ru.
  2630 | D:5      | Reached XP level 7. HP: 54/57 MP: 6/6
  2854 | D:5      | Reached skill level 10 in Long Blades
  3014 | D:5      | Found a staircase to the Ecumenical Temple.
  3017 | D:5      | Noticed Eustachio
  3044 | D:5      | Killed Eustachio
  3060 | Temple   | Entered the Ecumenical Temple
  3156 | Temple   | Became a worshipper of the Shining One
  3353 | D:5      | Reached skill level 11 in Long Blades
  3353 | D:5      | Reached XP level 8. HP: 66/66 MP: 7/7
  3501 | D:6      | Noticed Pikel
  3501 | D:6      | Noticed Edmund
  3527 | D:5      | Killed Pikel
  3641 | D:6      | Killed Edmund
  3642 | D:6      | Reached skill level 5 in Shields
  3645 | D:6      | Reached skill level 5 in Armour
  3646 | D:6      | Reached skill level 5 in Fighting
  3932 | D:6      | Found an opulent altar of Gozag.
  4119 | D:7      | Reached * piety under the Shining One
  4220 | D:7      | Reached XP level 9. HP: 63/74 MP: 10/10
  4251 | D:7      | Noticed a red ugly thing
  4581 | D:6      | HP: 2/74 [red ugly thing (4)]
  4581 | D:6      | Demolished by a red ugly thing

Vault maps used:
D:1:      dpeg_arrival_short_road, st_stairs_12
D:2:      chequers_temple_overflow_statue_of_worship, serial_glass,
          glass_columns_b, glass_columns_a, glass_columns_b, glass_columns_a,
          glass_columns_c, glass_columns_a
D:3:      cheibrodos_helix_gallery, eat_drink_and_be_merry_uskayaw,
          chequers_ecumenical_altar_simple_redux, first_ration
D:5:      minmay_temple_entry_large_hall, minmay_statues_item,
          hangedman_abyss_or_decor_slice, corexii_leaking_fountain,
          hangedman_ru_absence, uniq_eustachio
D:6:      grunt_gozag_breadcrumbs, uniq_pikel, uniq_grinder, uniq_edmund
D:7:      lemuel_doored_altar, nicolae_dithmenos_shadow_blocks
Temple:   compressed_dpeg_triangle_lava_temple

Skill      XL: |  1  2  3  4  5  6  7  8 |
---------------+-------------------------+-----
Long Blades    | 3 4 5 6 7 9 11 | 11.5
Fighting       | 5 |  5.4
Armour         | 5 |  5.4
Shields        | 5 |  5.4
Invocations    | 3 |  3.1

Action                   |  1- 3 |  4- 6 |  7- 9 || total
-------------------------+-------+-------+-------++-------
Melee: Long sword        |    82 |   110 |   187 ||   379
       Headbutt          |    14 |    23 |    38 ||    75
Throw: Javelin           |       |       |     4 ||     4
Evoke: Wand              |       |       |     1 ||     1
  Use: Scroll            |       |     2 |     4 ||     6
       Potion            |       |       |     1 ||     1
  Eat: Chunk             |     2 |     3 |     7 ||    12
Armor: Scale mail        |    16 |       |       ||    16
       Chain mail        |    25 |    51 |    69 ||   145
Dodge: Dodged            |    26 |    24 |    35 ||    85
Block: Shield            |    40 |    44 |    80 ||   164
       Rpst.: Long sword |     7 |     4 |     9 ||    20

Table legend:
 A = Spawn XP
 B = Non-spawn XP
 C = Spawn XP percentage of total XP
 D = Spawn monster count
 E = Non-spawn monster count
 F = Spawn count percentage of total count
 G = Total turns spent on level
                    A         B        C        D         E        F      G
               +---------+---------+-------+---------+---------+-------+---------
         Total |       0 |    2881 |   0.0 |       0 |     105 |   0.0 |  4581
               +---------+---------+-------+---------+---------+-------+---------
           D:1 |       0 |      35 |   0.0 |       0 |      18 |   0.0 |   877
           D:2 |       0 |      50 |   0.0 |       0 |      17 |   0.0 |   575
           D:3 |       0 |      77 |   0.0 |       0 |      15 |   0.0 |   568
           D:4 |       0 |     419 |   0.0 |       0 |      10 |   0.0 |   490
           D:5 |       0 |    1565 |   0.0 |       0 |      22 |   0.0 |  1003
           D:6 |       0 |     540 |   0.0 |       0 |      17 |   0.0 |   757
           D:7 |       0 |     195 |   0.0 |       0 |       6 |   0.0 |   195
               +---------+---------+-------+---------+---------+-------+---------
